 Dungeon Crawl Stone Soup version 0.30-a0-739-gea05faddec (webtiles) character file.

Game seed: 5836141843090149884

46 Delarado the Ruffian (level 3, -2/26 HPs)
             Began as an Octopode Fighter on Feb 4, 2023.
             Slain by an iguana (14 damage)
             ... on level 2 of the Dungeon.
             The game lasted 00:02:13 (742 turns).

Delarado the Ruffian (Octopode Fighter)              Turns: 742, Time: 00:02:14

Health: -2/26      AC:  1    Str: 17    XL:     3   Next: 66%
Magic:  3/3        EV: 13    Int: 10    God:
Gold:   69         SH:  4    Dex: 11    Spells: 2/2 levels left

rFire   . . .      SeeInvis .      - Unarmed
rCold   . . .      Faith    .    a - +0 buckler
rNeg    . . .      Spirit   .    (helmet restricted)
rPois   .          Reflect  .    (no amulet)
rElec   .          Harm     .    (no ring)
rCorr   .          Rampage  .    (no ring)
Will    .....                    (no ring)
Stlth   ++                       (no ring)
HPRegen 0.24/turn                (no ring)
MPRegen 0.08/turn                (no ring)
                                 (no ring)
                                 (no ring)

@: no status effects
A: almost no armour, amphibious, 8 rings, camouflage 1, gelatinous body 1,
(nimble swimmer 1), tentacles
a: no special abilities


You were on level 2 of the Dungeon.
You visited 1 branch of the dungeon, and saw 2 of its levels.

You collected 69 gold pieces.

Inventory:

Missiles
 c - 24 stones (quivered)
 i - 4 poisoned darts
 j - 4 boomerangs
Armour
 a - a +0 buckler (worn)
Scrolls
 d - a scroll of teleportation {unknown}
 f - a scroll of identify {unknown}
Potions
 b - a potion of might
 e - a potion of mutation {unknown}
 g - a potion of flight {unknown}
 h - 2 potions of heal wounds {unknown}
 k - 2 potions of magic {unknown}


   Skills:
 - Level 3.0 Fighting
 + Level 0.5 Throwing
 - Level 3.0 Dodging
 + Level 1.1 Stealth
 - Level 3.0 Shields
 + Level 3.6 Unarmed Combat


You had 2 spell levels left.
You didn't know any spells.
Your spell library contained the following spells:

 Spells                   Type           Power      Damage    Failure   Level
 Fireball                 Conj/Fire      0%         3d3       100%        5
 Iskenderun's Battlesphe  Conj           0%         2d6       100%        5
 Conjure Ball Lightning   Conj/Air       0%         3x3d6     100%        6
 Orb of Destruction       Conj           0%         9d5       100%        7


Dungeon Overview and Level Annotations

Branches:
Dungeon (2/15)

Altars:

Shops:
D:1 [


Innate Abilities, Weirdness & Mutations

You cannot wear most types of armour.
You are amphibious.
You can wear up to eight rings at the same time.
Your skin changes colour to match your surroundings (Stealth+).
Your rubbery body absorbs attacks. (AC +1, EV +1)
((You are camouflaged when in or above water. (Stealth+)))
You have tentacles for arms and can constrict up to eight enemies at once.


Message History

You climb upwards.
There is a stone staircase leading down here.
You are too injured to fight recklessly!
You are too injured to fight recklessly!
You are too injured to fight recklessly!
You are too injured to fight recklessly!
You are too injured to fight recklessly!
You barely miss the kobold. Your grab misses the kobold.
You tentacle-slap the kobold.
You kill the kobold!
Things that are here:
a +0 club; a kobold corpse
There is a stone staircase leading down here.
You start resting.
HP restored.
You climb downwards.
The rat bites you. The iguana closely misses you. The iguana misses you.
The rat bites you but does no damage.
There is a stone staircase leading up here.
You barely miss the iguana. You grab the iguana. You constrict the iguana.
The rat bites you. You block the iguana's attack.
You tentacle-slap the iguana but do no damage.
The iguana is lightly wounded.
You constrict the iguana. The rat closely misses you. The iguana bites you!
You are too injured to fight recklessly!
You are too injured to fight recklessly!
You tentacle-slap the rat but do no damage.
Your grab misses the rat. You squeeze the rat.
You kill the rat!
You constrict the iguana. The iguana barely misses you.
You release your grip on the iguana.
You tentacle-slap the iguana. Your grab misses the iguana.
The iguana is heavily wounded.
You block the iguana's attack.
You tentacle-slap the iguana but do no damage.
You grab the iguana.
The iguana is heavily wounded.
You constrict the iguana, but do no damage.
The iguana bites you!
Ouch! That really hurt!
You die...

#......##...........
#...............#
###......###.#.#########.
#...†....###.#)###.......
..#.......#..#......#
###..##...#####...#
#.<....## #...#...#
##...#.## #.#####..#
##...l@..# ##.# ..#
.#..#...#.###..## ..
.................# #
..#............##..#
.......#......## #.#
......#.......## ..#
#.......#..$...# #.=# .
..............### #... ..
#######.##....).#####....


You could see an iguana.

Vanquished Creatures
  A worm (D:2)
  3 dart slugs (D:1)
  4 ball pythons
  3 endoplasms (D:1)
  2 giant cockroaches (D:1)
  5 hobgoblins (D:1)
  3 jackals (D:1)
  2 quokkas (D:1)
  A bat (D:1)
  A frilled lizard (D:1)
  3 goblins
  4 kobolds
  3 rats
35 creatures vanquished.

Notes
Turn   | Place    | Note
-------+----------+-------------------------------------------
     0 | D:1      | Delarado the Octopode Fighter began the quest for the Orb.
     0 | D:1      | Reached XP level 1. HP: 16/16 MP: 1/1
   104 | D:1      | Reached XP level 2. HP: 20/21 MP: 2/2
   234 | D:1      | Reached XP level 3. HP: 23/26 MP: 3/3
   285 | D:1      | Found Aniahioh's Antique Armour Emporium.
   412 | D:1      | Found a faded altar of an unknown god.
   417 | D:1      | Reached skill level 1 in Stealth
   742 | D:2      | Slain by an iguana

Illustrated notes

Levels and vault maps discovered:
D:1:      scummos_arrival_hexagon, layout_rooms,
          hellmonk_ecumenical_altar_prayer_group, serial_shops, shop,
          minmay_pentomino_q2
D:2:      layout_rooms, minmay_fountain_box, uniq_crazy_yiuf_cottage

Skill      XL: |  1  2  3 |
---------------+----------+-----
Unarmed Combat | 3 |  3.6
Stealth        | 1 |  1.1
Fighting       | |  3.0
Throwing       | |  0.5
Dodging        | |  3.0
Shields        | |  3.0

Action                     || total
---------------------------++-------
  Melee: Unarmed           ||    73
         Constrict         ||    14
         Tentacles         ||    11
         Punch             ||     4
  Throw: Stone             ||     3
   Stab: Sleeping          ||     3
 Armour: Skin              ||     3
  Dodge: Dodged            ||    26
  Block: Buckler           ||    13

Table legend: (Time is in decaauts)
 A = Elapsed time spent in this place.
 B = Non-inter-level travel time spent in this place.
 C = Inter-level travel time spent in this place.
 D = Time resting spent in this place.
 E = Time spent auto-exploring this place.
 F = Levels seen in this place.
 G = Mean time per level.
                   A        B        C        D        E       F      G
               +--------+--------+--------+--------+--------+-----+--------+
         Total |    742 |    734 |      8 |     76 |    432 |   2 |  371.0 |
       Dungeon |    742 |    734 |      8 |     76 |    432 |   2 |  371.0 |
               +--------+--------+--------+--------+--------+-----+--------+

Top non-repeatable levels by time:
     D:1: 624 daAuts
     D:2: 117 daAuts
